Map: Ascension to Aiur LE

Players

Shield

  • Race: Terran Terran
  • League: Diamond
  • Spawn Location: 11:00

Yamapickle - Winner!

  • Race: Zerg Zerg
  • League: Diamond
  • Spawn Location: 5:00

VOD

Have the link to the VOD?

Description

Time

  • Played on: Nov. 18, 2017, 2:38 p.m.
  • Length: 11:48
Show
View Real Time Build Order
Export as new Build Order

Shield Terran 

Build Orders:  

Get SALT Encoding   

  12  0:01  SCV  
  13  0:13  SCV  
  14  0:25  SCV  
  14  0:26  Supply Depot  
  15  0:41  Refinery  
  15  0:48  SCV  
  16  0:50  Barracks  
  16  1:01  SCV  
  17  1:13  SCV  
  17  1:16  Refinery  
  18  1:25  SCV  
  19  1:37  SCV  
  19  1:38  Reaper  
  21  1:50  Command Center, SCV  
  22  1:58  Supply Depot  
  22  2:02  SCV  
  23  2:19  Factory  
  23  2:20  SCV, Barracks Reactor  
  24  2:32  SCV  
  25  2:44  SCV  
  26  3:31  Hellion x2  
  30  3:35  Command Center  
  30  3:37  Supply Depot  
  30  3:42  Starport  
  30  3:48  Barracks Tech Lab  
  30  3:50  SCV  
  30  3:52  SCV, Hellion x2  
  36  4:14  Hellion  
  36  4:15  SCV  
  36  4:16  Hellion  
  40  4:18  SCV  
  41  4:28  Viking  
  41  4:30  SCV  
  44  4:36  Supply Depot  
  44  4:43  SCV  
  45  4:48  Orbital Command  
  45  4:51  SCV  
  46  4:53  Hellion x2  
  46  4:55  SCV  
  46  4:58  Medivac  
  53  5:07  SCV  
  53  5:13  Engineering Bay  
  54  5:22  Orbital Command  
  54  5:23  Armory  
  54  5:26  Refinery  
  54  5:31  SCV  
  54  5:33  Supply Depot  
  55  5:40  Barracks Tech Lab  
  53  5:43  SCV  
  53  5:48  Cyclone x2  
  60  5:57  SCV  
  61  6:09  SCV  
  54  6:17  Factory  
  54  6:18  Banshee  
  51  6:20  Cloaking Field, Hellion x2  
  51  6:21  SCV  
  56  6:30  Planetary Fortress  
  56  6:33  SCV  
  57  6:41  Hellion  
  57  6:42  Hellion, SCV  
  57  6:45  Barracks Reactor, SCV  
  63  6:48  Barracks  
  63  6:54  SCV  
  64  7:03  Hellion x2, Banshee  
  64  7:07  SCV  
  72  7:12  Missile Turret  
  72  7:13  SCV  
  72  7:15  Missile Turret  
  73  7:19  SCV  
  74  7:24  Hellion x2  
  78  7:31  SCV  
  78  7:32  Missile Turret  
  78  7:36  Barracks Reactor  
  79  7:38  Barracks  
  79  7:39  Hellion x2  
  79  7:43  SCV x2  
  85  7:46  Supply Depot  
  85  7:49  Refinery  
  85  7:51  Supply Depot  
  85  7:52  Supply Depot  
  85  7:53  SCV, Cyclone x2  
  85  7:55  SCV  
  85  7:56  Command Center  
  93  8:07  SCV, Cyclone  
  93  8:10  Medivac  
  100  8:20  Starport, SCV  
  100  8:21  Supply Depot  
  100  8:22  SCV  
  100  8:24  Terran Vehicle Weapons Level 1  
  101  8:32  SCV  
  102  8:34  SCV  
  102  8:37  Stimpack  
  102  8:38  Barracks Reactor  
  102  8:40  Banshee  
  106  8:41  Missile Turret  
  106  8:44  SCV  
  107  8:49  Hellion x2  
  107  8:52  Cyclone  
  107  8:54  Marine  
  107  8:55  Marine  
  116  8:56  SCV  
  117  9:08  SCV, Cyclone  
  121  9:10  Cyclone, Marine  
  121  9:12  Marine  
  121  9:13  Marine  
  127  9:20  SCV  
  127  9:23  Banshee  
  131  9:25  Marine  
  131  9:26  Marine  
  131  9:27  Starport Tech Lab  
  87  10:03  Planetary Fortress  
  87  10:05  Viking  
  82  10:08  Banshee, Marine x2  
  82  10:09  Marine  
  82  10:11  Cyclone x2  
  94  10:17  Barracks  
  94  10:19  SCV  
  94  10:20  Factory Tech Lab, Bunker  
  95  10:25  Refinery  
  95  10:31  SCV, Marine x2  
  98  10:35  Medivac  
  100  10:43  SCV  
  100  10:47  Siege Tank  
  104  10:55  SCV  
  105  11:05  Medivac, Siege Tank  
  105  11:07  SCV, Marine x3  
  105  11:08  Marine x3  
  117  11:12  SCV  
  117  11:15  Supply Depot  
  117  11:16  Missile Turret  
  117  11:17  Supply Depot  
  118  11:19  Marine  
  118  11:23  Bunker  
Show
View Real Time Build Order
Export as new Build Order

Yamapickle Zerg - Winner!

Build Orders: Hatch First 

Get SALT Encoding   

  12  0:01  Drone  
  13  0:13  Overlord  
  13  0:17  Drone  
  14  0:31  Drone x2  
  14  0:35  Drone  
  17  0:54  Hatchery  
  17  0:56  Drone  
  17  0:58  Extractor  
  16  1:05  Drone  
  17  1:18  Spawning Pool  
  16  1:19  Drone  
  16  1:22  Drone  
  18  1:29  Drone  
  19  1:40  Overlord  
  19  2:04  Metabolic Boost  
  19  2:05  Queen  
  19  2:06  Queen  
  19  2:07  Zergling x2  
  24  2:09  Zergling x2  
  24  2:13  Drone  
  26  2:17  Drone  
  26  2:18  Drone  
  26  2:22  Drone  
  29  2:28  Drone  
  30  2:33  Drone  
  31  2:45  Queen  
  31  2:49  Overlord  
  33  2:59  Extractor  
  31  3:07  Drone x3  
  33  3:24  Queen x2  
  37  3:29  Hatchery  
  37  3:32  Drone x7  
  43  3:42  Zergling x2  
  43  3:44  Overlord  
  43  3:45  Overlord  
  44  3:52  Overlord  
  44  3:53  Overlord  
  44  3:57  Extractor  
  43  4:07  Zergling x4  
  44  4:19  Drone x3  
  44  4:20  Drone x3  
  44  4:22  Drone  
  52  4:24  Drone  
  52  4:26  Evolution Chamber  
  52  4:29  Hatchery  
  50  4:34  Queen x2  
  50  4:36  Zergling x4  
  56  4:43  Queen  
  58  4:51  Zergling x2  
  58  4:52  Zergling x2  
  61  5:00  Zergling x16  
  68  5:11  Lair  
  68  5:14  Drone  
  68  5:15  Drone x5  
  74  5:24  Overlord  
  74  5:34  Overlord  
  74  5:36  Queen  
  74  5:37  Queen  
  72  5:45  Queen  
  72  5:46  Zergling x2  
  72  5:47  Zergling x16  
  77  6:14  Drone  
  77  6:15  Drone x14  
  92  6:19  Pneumatized Carapace  
  92  6:30  Extractor, Baneling Nest, Drone  
  92  6:31  Drone  
  92  6:32  Evolution Chamber  
  92  6:33  Drone  
  92  6:34  Zerg Melee Weapons Level 1  
  92  6:35  Zergling x8  
  92  6:37  Overlord x2  
  96  6:49  Extractor  
  96  6:50  Hydralisk Den, Drone  
  96  6:51  Extractor, Drone  
  96  6:52  Overlord x3  
  96  6:54  Extractor  
  94  7:05  Drone  
  94  7:06  Drone x4  
  99  7:11  Zerg Ground Armor Level 1  
  99  7:16  Overlord x2, Baneling x4, Zergling x2  
  99  7:21  Muscular Augments  
  100  7:23  Zergling x16  
  100  7:24  Zergling x6  
  100  7:27  Baneling x2  
  111  7:36  Drone x6  
  117  7:40  Drone  
  117  7:41  Drone x2  
  120  7:50  Zergling x2  
  121  7:55  Overlord  
  121  7:56  Overlord x2  
  121  7:57  Drone x7  
  128  7:59  Extractor  
  128  8:02  Extractor  
  126  8:17  Hydralisk  
  126  8:18  Hydralisk x10  
  148  8:27  Infestation Pit  
  147  8:30  Drone x4  
  147  8:33  Hatchery  
  149  8:35  Overseer  
  149  8:36  Overseer  
  149  8:40  Hydralisk  
  149  8:41  Hydralisk x3  
  155  8:57  Drone x2  
  155  8:59  Zerg Melee Weapons Level 2  
  155  9:00  Centrifical Hooks  
  157  9:19  Zergling x2  
  157  9:20  Zergling x18  
  157  9:21  Overlord x5  
  157  9:22  Overlord x2  
  167  9:24  Baneling x2  
  167  9:25  Baneling x5  
  167  9:26  Zerg Ground Armor Level 2  
  167  9:27  Hive, Pathogen Glands  
  167  9:29  Overlord  
  167  9:40  Zergling x2  
  167  9:41  Zergling x22  
  172  9:55  Zergling x18  
  164  10:03  Queen, Drone  
  164  10:05  Drone x6  
  173  10:10  Baneling  
  173  10:11  Baneling x18  
  173  10:12  Hydralisk  
  173  10:13  Hydralisk x2  
  179  10:18  Drone  
  180  10:40  Spire  
  180  10:41  Ultralisk Cavern  
  178  10:44  Zergling x4  
  178  10:45  Zergling x38  
  196  11:06  Baneling x4  
  196  11:07  Baneling x2  
  196  11:18  Zergling x8  
  200  11:23  Overlord  
  200  11:24  Overlord  
  200  11:25  Overseer x2  
  200  11:27  Hatchery  
Tags
 
Add a new tag
Caveats
  • Supply blocks, unpowered buildings, or Contaminate may cause inaccurate times.
  • Supply counts are checked every 10 seconds.